[Event "Titled Tuesday Blitz December 7 2021"]
[White "Bacrot, Etienne"]
[Black "Kosteniuk, Alexandra"]
[WhiteFideId "605506"]
[BlackFideId "4128125"]
[WhiteElo "2789"]
[BlackElo "2647"]
[Result "1/2-1/2"]
[Round "08"]
[TimeControl "180+1"]
[Date "2021.12.07"]
[WhiteClock "0:00:06"]
[BlackClock "0:00:10"]

1. c4 Nf6 2. Nc3 e5 3. h3 c6 4. g4 Bb4 5. g5 Ng8 6. Nf3 d6 7. d3 Ne7 8. Bg2 Nf5 9. h4 Be6 10. Bd2 Ba5 11. h5 Nd7 12. Bh3 Qe7 13. Rb1 Nd4 14. b4 Nxf3+ 15. exf3 Bc7 16. h6 g6 17. Qb3 O-O 18. Kf1 a5 19. a3 axb4 20. axb4 Ra6 21. Kg2 f6 22. gxf6 Qxf6 23. Bxe6+ Qxe6 24. Be3 Qf5 25. Rh3 Qxd3 26. b5 Raa8 27. Rd1 Qf5 28. c5+ d5 29. Nxd5 cxd5 30. Qxd5+ Rf7 31. Qxb7 Raf8 32. Qxc7 e4 33. Qg3 exf3+ 34. Kh2 Ne5 35. Rh4 Nd3 36. b6 Nxc5 37. Bxc5 Qxc5 38. Rb1 Rb7 39. Rhb4 Qh5+ 40. Qh3 Qxh3+ 41. Kxh3 Rf6 42. Kg4 Kf7 43. R1b3 Ke7 44. Re3+ Kd7 45. Rxf3 Rbxb6 46. Rxb6 Rxb6 47. Rf7+ Ke6 48. Rxh7 Rb5 49. f4 Rh5 50. Rh8 Kf7 51. Kg3 Kf6 52. Kf3 Kf7 53. Ke4 Rh1 54. Ke5 Re1+ 55. Kd6 Rd1+ 56. Kc5 Rc1+ 57. Kd4 Rd1+ 58. Ke3 Re1+ 59. Kd4 Rd1+ 60. Ke4 Re1+ 61. Kf3 Rh1 62. Kg2 Rh5 63. Kg3 Rh1 64. Kf2 Rh5 65. Ke3 Rh1 66. Kd4 Rd1+ 1/2-1/2


[Site "https://www.chess.com"]

[Event "Titled Tuesday Blitz December 7 2021"]
[White "Barria Zuniga, Daniel"]
[Black "Dmitrenko, Viktor"]
[WhiteFideId "3400816"]
[BlackFideId "14110270"]
[WhiteElo "2602"]
[BlackElo "2456"]
[Result "0-1"]
[Round "08"]
[TimeControl "180+1"]
[Date "2021.12.07"]
[WhiteClock "0:00:47"]
[BlackClock "0:00:44"]

1. d4 e6 2. c4 Nf6 3. Nf3 a6 4. Nc3 Bb4 5. Qc2 Nc6 6. a3 Bxc3+ 7. Qxc3 d5 8. Bg5 h6 9. Bxf6 Qxf6 10. e3 O-O 11. Be2 dxc4 12. Bxc4 Re8 13. Rd1 Bd7 14. O-O Rad8 15. Rd2 Ne7 16. Ne5 Bc8 17. Ba2 c6 18. Bb1 Nf5 19. Qc2 g6 20. Qc3 Qe7 21. e4 Nd6 22. Qe3 f6 23. Nxg6 Qg7 24. e5 Nc4 25. Qf4 fxe5 26. dxe5 Nxd2 0-1


[Site "https://www.chess.com"]

[Event "Titled Tuesday Blitz December 7 2021"]
[White "Baskin, Robert"]
[Black "Koridze, Lile"]
[WhiteFideId "24662402"]
[BlackFideId "13612514"]
[WhiteElo "2579"]
[BlackElo "2439"]
[Result "1/2-1/2"]
[Round "08"]
[TimeControl "180+1"]
[Date "2021.12.07"]
[WhiteClock "0:00:03"]
[BlackClock "0:01:24"]

1. e4 c5 2. Nf3 d6 3. d4 cxd4 4. Nxd4 Nf6 5. Nc3 Nc6 6. Bg5 e6 7. Qd2 a6 8. O-O-O Bd7 9. f4 b5 10. Bxf6 gxf6 11. Kb1 Qb6 12. Nxc6 Bxc6 13. f5 b4 14. Ne2 Bxe4 15. Ng3 Bd5 16. Bd3 O-O-O 17. fxe6 fxe6 18. Rhe1 h5 19. Bf5 Bxa2+ 20. Kxa2 exf5 21. Qd5 Kb8 22. Nxf5 Rh7 23. Nd4 Rc8 24. Re3 Rhc7 25. Rde1 Rc5 26. Qe4 Re5 27. Qd3 Rd5 28. Re8 Qxd4 29. Rxc8+ Kxc8 30. Re8+ Kd7 31. Qxd4 Rxd4 32. Rxf8 Ke6 33. Rh8 Rd2 34. Rxh5 Rxg2 35. Kb3 a5 36. Rxa5 Rxh2 37. Rb5 Rh3+ 38. Kxb4 f5 39. c4 f4 40. Rb8 Rh5 41. Re8+ Kf7 42. Re2 Kf6 43. Rf2 Kf5 44. c5 dxc5+ 45. Kxc5 Ke4+ 46. Kc4 Ke3 47. Rf1 f3 48. b4 Ke2 49. Rb1 f2 50. b5 f1=Q 51. Rxf1 Kxf1 52. b6 Ke2 53. b7 Rh8 54. Kc5 Kd3 55. Kc6 Rh6+ 56. Kc7 Rh7+ 57. Kc8 Rh8+ 58. Kc7 Kc4 59. b8=Q Rxb8 60. Kxb8 1/2-1/2


[Site "https://www.chess.com"]

[Event "Titled Tuesday Blitz December 7 2021"]
[White "Bayasgalan, Khishigbaatar"]
[Black "Wadsworth, Matthew J"]
[WhiteFideId "4904311"]
[BlackFideId "415804"]
[WhiteElo "2343"]
[BlackElo "2562"]
[Result "0-1"]
[Round "08"]
[TimeControl "180+1"]
[Date "2021.12.07"]
[WhiteClock "0:00:05"]
[BlackClock "0:00:17"]

1. d4 Nf6 2. c4 c5 3. d5 e6 4. Nc3 exd5 5. cxd5 d6 6. e4 g6 7. f4 Bg7 8. Bb5+ Nfd7 9. a4 O-O 10. Nf3 Na6 11. O-O Nb4 12. Re1 a6 13. Bf1 Re8 14. g3 f5 15. exf5 gxf5 16. Be3 Nf6 17. Bc4 h6 18. a5 Ng4 19. Bd2 Rxe1+ 20. Nxe1 Bd4+ 21. Kg2 Qe8 22. Nf3 Be3 23. Qe2 Bd7 24. Re1 Nc2 25. Rc1 Nd4 26. Nxd4 cxd4 27. Nd1 Qe4+ 28. Kh3 Bxd2 29. Qxd2 Re8 30. Bd3 Qf3 31. Rc7 Ba4 32. Bc2 Re2 33. Qd3 Rxh2# 0-1


[Site "https://www.chess.com"]

[Event "Titled Tuesday Blitz December 7 2021"]
[White "Begmuratov, Khumoyun"]
[Black "Obolentseva, Alexandra"]
[WhiteFideId "14210207"]
[BlackFideId "24153648"]
[WhiteElo "2692"]
[BlackElo "2519"]
[Result "1-0"]
[Round "08"]
[TimeControl "180+1"]
[Date "2021.12.07"]
[WhiteClock "0:00:13"]
[BlackClock "0:00:09"]

1. e4 c5 2. Nf3 d6 3. d4 cxd4 4. Nxd4 Nf6 5. Nc3 a6 6. Rg1 h5 7. h3 h4 8. Be3 b5 9. Be2 Bb7 10. Bf3 e5 11. Nb3 b4 12. Nd5 Nxd5 13. exd5 f5 14. Bh5+ Kd7 15. Bf7 f4 16. Bd2 Qf6 17. Be6+ Ke7 18. Bxb4 Nd7 19. Na5 Rb8 20. Qd2 Nb6 21. c4 Na4 22. O-O-O Ba8 23. Bg4 Kd8 24. Rge1 g5 25. f3 Bg7 26. Nc6+ Bxc6 27. dxc6 Bf8 28. Ba5+ Ke7 29. c7 Rxb2 30. c8=Q Kf7 31. Qd7+ Kg6 32. Qd3+ Kh6 33. Qxa4 e4 34. Qd4 Bg7 35. Qxf6+ Bxf6 36. Rxd6 1-0


[Site "https://www.chess.com"]

[Event "Titled Tuesday Blitz December 7 2021"]
[White "Bologan, Victor"]
[Black "Yoo, Christopher Woojin"]
[WhiteFideId "13900048"]
[BlackFideId "30909694"]
[WhiteElo "2801"]
[BlackElo "2959"]
[Result "0-1"]
[Round "08"]
[TimeControl "180+1"]
[Date "2021.12.07"]
[WhiteClock "0:00:08"]
[BlackClock "0:00:03"]

1. e4 c5 2. Nf3 e6 3. d4 cxd4 4. Nxd4 Nf6 5. Nc3 Nc6 6. Ndb5 Bc5 7. Bf4 O-O 8. Bd6 Bxd6 9. Nxd6 a6 10. Qd2 b5 11. O-O-O Qa5 12. Kb1 b4 13. Ne2 Qc5 14. Nc1 a5 15. f4 a4 16. e5 Nd5 17. Bc4 Ne3 18. Nd3 Qd4 19. Nxb4 Qxd2 20. Rxd2 Nxc4 21. Nxc4 Nxb4 22. Nb6 Ra6 23. Nxd7 Bxd7 24. Rxd7 Nd5 25. g3 Rc6 26. Ra7 Rb8 27. b3 axb3 28. axb3 h6 29. Kb2 Ne3 30. Rc1 g5 31. Ra4 gxf4 32. gxf4 Kh7 33. Ra7 Kg6 34. Rg1+ Kf5 35. Rxf7+ Ke4 36. Rc1 Nc4+ 37. Kb1 Nd2+ 38. Kb2 Nc4+ 39. Kb1 Ne3 40. Kb2 Ra8 41. c4 Rca6 42. Kc3 Ra2 43. Rd7 Rc8 44. Rd4+ Kf5 45. Rd2 Nd5+ 46. Kd3 Nxf4+ 47. Kc3 Ne2+ 48. Rxe2 Rxe2 49. b4 Rxe5 50. b5 Rxb5 51. Rf1+ Kg6 52. Rg1+ Rg5 53. Re1 Rg4 54. Rxe6+ Kg5 0-1


[Site "https://www.chess.com"]

[Event "Titled Tuesday Blitz December 7 2021"]
[White "Brunner, Nicolas"]
[Black "Artemenko, Oleg"]
[WhiteFideId "620246"]
[BlackFideId "14201798"]
[WhiteElo "2481"]
[BlackElo "2633"]
[Result "1-0"]
[Round "08"]
[TimeControl "180+1"]
[Date "2021.12.07"]
[WhiteClock "0:00:14"]
[BlackClock "0:00:11"]

1. d4 Nf6 2. c4 e6 3. g3 d5 4. Nf3 Bb4+ 5. Bd2 Bxd2+ 6. Qxd2 O-O 7. Bg2 dxc4 8. Qc2 b5 9. a4 c6 10. e4 Bb7 11. Nbd2 Na6 12. O-O Nc7 13. b3 cxb3 14. Nxb3 bxa4 15. Rxa4 Nb5 16. Nc5 Bc8 17. Rfa1 Nd7 18. Nb3 Nb6 19. R4a2 Bd7 20. Na5 Be8 21. Qc5 Nd7 22. Qxc6 Nf6 23. Qc2 Rc8 24. Qd3 Rc3 25. Qe2 Nxd4 26. Nxd4 Qxd4 27. Rd2 Qb4 28. e5 Bb5 29. Rb2 Bxe2 30. Rxb4 Nd7 31. Nc6 a6 32. f4 Bb5 33. Nd4 Bd3 34. Nc6 h6 35. Rb7 Nc5 36. Rc7 Be4 37. Bxe4 Nxe4 38. Ne7+ Kh7 39. Rxc3 Nxc3 40. Rxa6 Re8 41. Ra7 g5 42. fxg5 hxg5 43. Nc6 Kg6 44. Kg2 Nd5 45. Nd4 Rc8 46. Ra2 Rc4 47. Nf3 Kf5 48. Re2 Ra4 49. h3 Kg6 50. Kf2 g4 51. hxg4 Rxg4 52. Nh4+ Kh5 53. Nf3 Ra4 54. Rc2 Kg4 55. Rd2 Ra3 56. Rd4+ Kh5 57. Rh4+ Kg6 58. Rh8 Ra2+ 59. Kg1 Ne3 60. Rg8+ Kf5 61. Rf8 Ke4 62. Rxf7 Ra1+ 63. Kh2 Ng4+ 64. Kh3 Nf2+ 65. Kg2 Nd3 66. g4 Nf4+ 67. Kg3 Ne2+ 68. Kf2 Nc3 69. g5 Ra2+ 70. Kg3 Ne2+ 71. Kg4 Nc3 72. g6 Rg2+ 73. Kh5 Nd5 74. Ng5+ Kxe5 75. g7 Nf6+ 76. Rxf6 Kxf6 77. g8=Q Rh2+ 78. Kg4 Rg2+ 79. Kf4 e5+ 80. Ke4 Rxg5 81. Qd8+ Kg6 82. Qe8+ Kf6 83. Qf8+ Kg6 84. Qe7 Rg4+ 85. Kxe5 Rg5+ 86. Ke6 Rg3 87. Qf7+ Kg5 88. Qf5+ Kh4 89. Qf4+ Rg4 90. Qf3 Rg3 91. Qf2 Kg4 92. Ke5 Rf3 93. Qe2 Kg3 94. Ke4 Rf4+ 95. Ke3 Rf6 96. Qe1+ Kg4 97. Qg1+ Kf5 98. Kd4 Rd6+ 99. Kc5 Rd7 100. Qf2+ Ke6 101. Qf3 Rd8 102. Kc6 Rc8+ 103. Kb7 Rc5 104. Qe3+ Kd5 105. Kb6 Rc6+ 106. Kb5 Rc7 107. Qd3+ Ke6 108. Qe4+ Kd6 109. Kb6 Rc8 110. Qd4+ Ke6 111. Qg4+ Kd6 112. Qxc8 Kd5 113. Qc5+ Ke4 114. Qc4+ Ke3 115. Qd5 Kf4 116. Qe6 Kg3 117. Qf5 Kh4 118. Qg6 Kh3 119. Kc5 Kh2 120. Kd4 Kh1 121. Ke3 Kh2 122. Kf3 Kh1 123. Qg2# 1-0


[Site "https://www.chess.com"]

[Event "Titled Tuesday Blitz December 7 2021"]
[White "Budrewicz, Krzysztof"]
[Black "Seletsky, Grigory"]
[WhiteFideId "1127950"]
[BlackFideId "14112191"]
[WhiteElo "2554"]
[BlackElo "2430"]
[Result "1/2-1/2"]
[Round "08"]
[TimeControl "180+1"]
[Date "2021.12.07"]
[WhiteClock "0:00:29"]
[BlackClock "0:00:39"]

1. d4 e6 2. c4 d5 3. Nc3 c6 4. Nf3 Nf6 5. Bg5 Be7 6. e3 O-O 7. Qc2 Nbd7 8. Rd1 b6 9. Bd3 Bb7 10. cxd5 cxd5 11. O-O h6 12. Bh4 Rc8 13. Qe2 Ne4 14. Bxe7 Qxe7 15. Bxe4 dxe4 16. Nd2 f5 17. a3 Nf6 18. Qb5 Nd5 19. Rc1 Nxc3 20. bxc3 Qxa3 21. Qd7 Bd5 22. c4 Rfd8 23. Qb5 Bc6 24. Qe5 Qd6 25. Qxd6 Rxd6 26. Ra1 Rc7 27. g3 Kf7 28. h4 Kf6 29. Rfb1 e5 30. d5 Bd7 31. Ra2 b5 32. cxb5 Rxd5 33. b6 axb6 34. Rxb6+ Rc6 35. Rxc6+ Bxc6 36. Kf1 Bb5+ 37. Ke1 Bd3 38. Rb2 Ra5 39. Nb3 Rb5 40. Kd2 Bc4 41. Kc3 Bxb3 42. Rxb3 Rxb3+ 43. Kxb3 g5 44. Kc4 gxh4 45. gxh4 f4 46. Kd5 Kf5 47. h5 fxe3 48. fxe3 Kg4 49. Kxe4 Kxh5 50. Kxe5 Kg4 51. Kf6 h5 52. e4 h4 53. e5 h3 54. e6 h2 55. e7 h1=Q 56. e8=Q Qh4+ 57. Kf7 Qh5+ 58. Ke7 Qxe8+ 59. Kxe8 1/2-1/2


[Site "https://www.chess.com"]

[Event "Titled Tuesday Blitz December 7 2021"]
[White "Bueno, Alfeu Junior Varela"]
[Black "Stankovic, Ivan G"]
[WhiteFideId "2108879"]
[BlackFideId "902837"]
[WhiteElo "2225"]
[BlackElo "2195"]
[Result "0-1"]
[Round "08"]
[TimeControl "180+1"]
[Date "2021.12.07"]
[WhiteClock "0:00:02"]
[BlackClock "0:00:12"]

1. e4 c5 2. Nc3 Nc6 3. f4 e6 4. Nf3 Nf6 5. Bb5 Qc7 6. Bxc6 Qxc6 7. d3 d6 8. O-O Be7 9. Qe1 b5 10. Qg3 b4 11. Ne2 Nh5 12. Qh3 g6 13. Be3 f5 14. exf5 exf5 15. Nd2 Bf6 16. Nc4 O-O 17. Rae1 Be6 18. b3 Rae8 19. Ng3 Ng7 20. Kh1 d5 21. Ne5 Bxe5 22. fxe5 f4 23. Qh6 fxe3 24. Qxe3 d4 25. Qg5 Rxf1+ 26. Rxf1 Bd5 27. Rf6 Bxg2+ 28. Kg1 Qd5 29. Rd6 Qb7 30. Ne2 Qf3 31. Qxg2 Qe3+ 32. Qf2 Qxe5 33. Rd7 Qg5+ 34. Kh1 Rf8 35. Qg2 Qd2 36. Ng1 Qf4 37. Qd5+ Kh8 0-1


[Site "https://www.chess.com"]

[Event "Titled Tuesday Blitz December 7 2021"]
[White "Chan, Kim Yew"]
[Black "Solon, Nathan"]
[WhiteFideId "5717981"]
[BlackFideId "2017229"]
[WhiteElo "2438"]
[BlackElo "2565"]
[Result "1-0"]
[Round "08"]
[TimeControl "180+1"]
[Date "2021.12.07"]
[WhiteClock "0:00:06"]
[BlackClock "0:00:25"]

1. b3 e5 2. Bb2 Nc6 3. e3 d5 4. Bb5 Ne7 5. f4 a6 6. Bxc6+ Nxc6 7. fxe5 Qh4+ 8. Kf1 Bg4 9. Nf3 Qh5 10. d4 O-O-O 11. h3 f6 12. Kf2 Bd7 13. Nbd2 fxe5 14. Nxe5 Qf5+ 15. Ndf3 Nxe5 16. dxe5 Be7 17. Rf1 Rhf8 18. Kg1 Bb5 19. Re1 g5 20. a4 Bc6 21. Nd4 Qf2+ 22. Kh1 Bd7 23. e6 Be8 24. Qe2 Qh4 25. Qg4 Qf2 26. Rf1 Qxf1+ 27. Rxf1 Rxf1+ 28. Kh2 Bd6+ 29. g3 Kb8 30. Kg2 Rb1 31. Qxg5 Rc8 32. Bc3 Bg6 33. Nf5 Bc5 34. g4 Rc1 35. Kg3 Rxc2 36. Bd4 Bd6+ 37. Kh4 Re8 38. Qf6 b6 39. Nxd6 cxd6 40. e7 Rc7 41. Qxd6 Kc8 42. Bxb6 Rcxe7 43. Qc6+ Kb8 44. Bc5 Re6 45. Bd6+ Ka7 46. Bc5+ Kb8 47. Bd6+ Ka7 48. Qc7+ Ka8 49. Bc5 R8e7 50. Bxe7 1-0


[Site "https://www.chess.com"]

[Event "Titled Tuesday Blitz December 7 2021"]
[White "Daniel, Damian"]
[Black "Hamley, Ryan"]
[WhiteFideId "1183621"]
[BlackFideId "30959497"]
[WhiteElo "2433"]
[BlackElo "2559"]
[Result "1/2-1/2"]
[Round "08"]
[TimeControl "180+1"]
[Date "2021.12.07"]
[WhiteClock "0:00:07"]
[BlackClock "0:00:06"]

1. Nf3 g6 2. c4 Bg7 3. Nc3 c5 4. g3 b6 5. Bg2 Bb7 6. O-O Nf6 7. Re1 Nc6 8. d4 cxd4 9. Nxd4 O-O 10. h3 Rc8 11. Be3 Na5 12. Bxb7 Nxb7 13. b3 d5 14. Nxd5 Nxd5 15. cxd5 Qxd5 16. Qd2 Rfd8 17. Rad1 Qh5 18. Qb4 Nd6 19. h4 Rc7 20. Nb5 Rcd7 21. Nxd6 Rxd6 22. Rxd6 Rxd6 23. Qa4 Bc3 24. Rc1 Bf6 25. Qxa7 Qxe2 26. Bh6 Rd1+ 27. Rxd1 Qxd1+ 28. Kh2 Qd8 29. a4 Bg7 30. Be3 Bd4 31. Bxd4 Qxd4 32. Qb8+ Kg7 33. Qf4 Qxf4 34. gxf4 Kf6 35. b4 Ke6 36. Kg3 Kd5 37. Kf3 Kc4 38. a5 bxa5 39. bxa5 Kb5 40. Ke4 Kxa5 41. f5 Kb5 42. fxg6 hxg6 43. f4 Kc5 44. f5 Kd6 45. Kf4 Kd7 46. Kg5 e5 47. fxg6 fxg6 48. Kxg6 e4 49. h5 e3 50. h6 e2 51. h7 e1=Q 52. h8=Q Qg3+ 53. Kf5 Qf3+ 54. Kg5 Qg3+ 55. Kf5 Qf2+ 56. Kg5 Qe3+ 57. Kf5 Qe6+ 58. Kg5 Qd5+ 59. Kg4 Qe4+ 60. Kg5 Qe7+ 61. Qf6 Qxf6+ 62. Kxf6 1/2-1/2


[Site "https://www.chess.com"]

[Event "Titled Tuesday Blitz December 7 2021"]
[White "Demchenko, Anton"]
[Black "Halkias, Stelios"]
[WhiteFideId "4160258"]
[BlackFideId "4201809"]
[WhiteElo "2898"]
[BlackElo "2663"]
[Result "1-0"]
[Round "08"]
[TimeControl "180+1"]
[Date "2021.12.07"]
[WhiteClock "0:00:07"]
[BlackClock "0:00:09"]

1. e4 c5 2. Nf3 d6 3. d4 cxd4 4. Qxd4 Nc6 5. Qe3 Nf6 6. Nc3 e6 7. b3 Be7 8. Bb2 O-O 9. O-O-O d5 10. Bc4 Nb4 11. exd5 exd5 12. Rhe1 Be6 13. Nd4 Bc5 14. Na4 Bxd4 15. Rxd4 Qa5 16. Bd3 Rfe8 17. Qd2 Nxa2+ 18. Kd1 Qb6 19. f3 Qd6 20. Rh4 Bd7 21. Qg5 Rxe1+ 22. Kxe1 Kf8 23. Bxh7 Re8+ 24. Kf1 Nb4 25. Bf5 Bb5+ 26. Kf2 Nxc2 27. Rh8+ Ke7 28. Rxe8+ Kxe8 29. Bxc2 Bxa4 30. bxa4 Qb6+ 31. Qe3+ Qxe3+ 32. Kxe3 Nd7 33. Bxg7 f6 34. Bh6 Kf7 35. Bf4 Ke6 36. g4 Nb6 37. Kd4 Nc4 38. Bf5+ Kf7 39. h4 Nb6 40. a5 Nc4 41. Bc7 b5 42. Kxd5 Ne3+ 43. Ke4 Ng2 44. h5 1-0


[Site "https://www.chess.com"]

[Event "Titled Tuesday Blitz December 7 2021"]
[White "Dilmukhametov, Artur"]
[Black "Odegov, Artem"]
[WhiteFideId "24179922"]
[BlackFideId "34183644"]
[WhiteElo "2416"]
[BlackElo "2494"]
[Result "1/2-1/2"]
[Round "08"]
[TimeControl "180+1"]
[Date "2021.12.07"]
[WhiteClock "0:01:49"]
[BlackClock "0:00:37"]

1. e4 e6 2. d4 d5 3. Nd2 Nf6 4. e5 Nfd7 5. Bd3 c5 6. c3 Nc6 7. Ne2 cxd4 8. cxd4 f6 9. exf6 Nxf6 10. Nf3 Bd6 11. O-O Qc7 12. Nc3 a6 13. h3 O-O 14. Bg5 Bd7 15. Re1 Rf7 16. Qc2 h6 17. Bg6 Rff8 18. Be3 Be8 19. Rac1 Bxg6 20. Qxg6 Kh8 21. Bxh6 gxh6 22. Qxh6+ Qh7 23. Qxh7+ Kxh7 24. Rxe6 Bf4 25. Rce1 Rf7 26. g3 Bh6 27. Ne5 Nxe5 28. R1xe5 Raf8 29. Nxd5 Nxd5 30. Rxd5 Rxf2 31. Rd7+ Bg7 32. h4 R8f7 33. Red6 Rxd7 34. Rxd7 Rxb2 35. a4 Rb4 36. d5 Rxa4 37. Rxb7 Ra1+ 38. Kg2 a5 39. d6 Rd1 40. Ra7 Rd5 41. d7 Kg6 42. Rxa5 Rxd7 43. Ra6+ Kh7 44. Kh3 Rd3 45. Re6 Rb3 46. h5 Ra3 47. Kh4 Rf3 48. g4 Bf6+ 49. g5 Rf4+ 50. Kg3 Bxg5 51. Rg6 Rf1 52. Rxg5 Rg1+ 53. Kh4 Rxg5 54. Kxg5 Kg7 55. h6+ Kh7 56. Kh5 Kh8 57. Kg6 Kg8 58. h7+ Kh8 59. Kh6 1/2-1/2


[Site "https://www.chess.com"]

[Event "Titled Tuesday Blitz December 7 2021"]
[White "Donchenko, Alexander"]
[Black "Arencibia Monduy, Antonio"]
[WhiteFideId "24603295"]
[BlackFideId "3507939"]
[WhiteElo "2812"]
[BlackElo "2629"]
[Result "0-1"]
[Round "08"]
[TimeControl "180+1"]
[Date "2021.12.07"]
[WhiteClock "0:00:49"]
[BlackClock "0:00:53"]

1. e4 e6 2. d4 d5 3. Nc3 dxe4 4. Nxe4 Nd7 5. Nf3 Ngf6 6. Bd3 Be7 7. Bf4 Nxe4 8. Bxe4 Nf6 9. Bd3 O-O 10. c3 b6 11. Qe2 Bb7 12. O-O-O a5 13. h4 a4 14. h5 h6 15. g4 Qd5 16. Ne5 Qxa2 17. Bb1 Qb3 18. Bc2 Qa2 19. Bb1 Qa1 20. g5 hxg5 21. Bxg5 a3 22. Bxf6 Bxf6 23. Kd2 Qxb2+ 24. Bc2 Bg5+ 25. Ke1 Qxc3+ 26. Kf1 Bxh1 27. Rd3 a2 28. Rxc3 a1=Q+ 29. Qe1 Qxe1+ 30. Kxe1 c5 31. dxc5 bxc5 32. Nd7 Rfd8 33. Nb6 Bd2+ 0-1


[Site "https://www.chess.com"]

[Event "Titled Tuesday Blitz December 7 2021"]
[White "Durarbayli, Vasif"]
[Black "Piesik, Piotr"]
[WhiteFideId "13402935"]
[BlackFideId "1136194"]
[WhiteElo "2851"]
[BlackElo "2717"]
[Result "1-0"]
[Round "08"]
[TimeControl "180+1"]
[Date "2021.12.07"]
[WhiteClock "0:00:15"]
[BlackClock "0:00:45"]

1. e4 g6 2. d4 Bg7 3. Nc3 c6 4. Be3 d5 5. e5 Nh6 6. f4 Bg4 7. Nf3 Nf5 8. Bf2 h5 9. Qd3 Bxf3 10. Qxf3 h4 11. O-O-O e6 12. g4 hxg3 13. hxg3 Rxh1 14. Qxh1 Nd7 15. g4 Nh6 16. Be2 Qa5 17. Bh4 Ng8 18. f5 Bh6+ 19. Kb1 g5 20. Be1 Qd8 21. Qh5 Qe7 22. f6 Qf8 23. Bd3 O-O-O 24. Ne2 Ngxf6 25. exf6 Nxf6 26. Qh2 Nxg4 27. Qg3 f5 28. Ba5 Rd7 29. Rh1 Bg7 30. Bd2 Bf6 31. c3 Qd6 32. Qf3 Rg7 33. Ng3 Kc7 34. Bxf5 exf5 35. Nxf5 Nh2 36. Qg2 1-0


[Site "https://www.chess.com"]

[Event "Titled Tuesday Blitz December 7 2021"]
[White "Dzhaparov, Medet"]
[Black "Mirzanurov, Bulat"]
[WhiteFideId "13803689"]
[BlackFideId "4184521"]
[WhiteElo "1702"]
[BlackElo "2116"]
[Result "1-0"]
[Round "08"]
[TimeControl "180+1"]
[Date "2021.12.07"]
[WhiteClock "0:00:08"]
[BlackClock "0:00:59"]

1. e4 c5 2. Nf3 d6 3. d4 cxd4 4. Nxd4 Nf6 5. Nc3 a6 6. Bg5 e6 7. f4 h6 8. Bh4 Qb6 9. Qd3 Qxb2 10. Rb1 Qa3 11. f5 Qa5 12. fxe6 fxe6 13. Be2 Nc6 14. Nxc6 bxc6 15. O-O Be7 16. Kh1 O-O 17. Qc4 Bd7 18. Rb7 Rfd8 19. Rxd7 Rxd7 20. Qxe6+ Kh8 21. Bxf6 Bxf6 22. Qxd7 Qxc3 23. Qxd6 Be5 24. Qd3 Rb8 25. Qxc3 Bxc3 26. Bxa6 Rb2 27. Bd3 Rxa2 28. Rf8+ Kh7 29. e5+ g6 30. Rf7+ Kg8 31. e6 Ra1+ 32. Bf1 Re1 33. Rf3 Bg7 34. g3 Rxe6 35. Bc4 Be5 36. Bxe6+ Kg7 37. Rf7+ Kh8 38. Kg2 g5 39. c4 c5 40. Kf3 Bd4 41. Ke4 Bc3 42. Kf5 Bd4 43. Kg6 Bg7 44. Rxg7 h5 45. Rh7# 1-0


[Site "https://www.chess.com"]

[Event "Titled Tuesday Blitz December 7 2021"]
[White "Erdogdu, Mert"]
[Black "Matinian, Nikita"]
[WhiteFideId "6301495"]
[BlackFideId "24129100"]
[WhiteElo "2564"]
[BlackElo "2720"]
[Result "0-1"]
[Round "08"]
[TimeControl "180+1"]
[Date "2021.12.07"]
[WhiteClock "0:00:04"]
[BlackClock "0:00:12"]

1. e4 d6 2. d4 g6 3. Nc3 a6 4. Be3 Bg7 5. f4 b5 6. Bd3 Nd7 7. Nf3 c5 8. e5 cxd4 9. Bxd4 Nh6 10. e6 Nf6 11. exf7+ Nxf7 12. Qe2 O-O 13. O-O-O Bd7 14. Rhe1 Re8 15. Kb1 Rc8 16. Ne4 e5 17. fxe5 dxe5 18. Bf2 Be6 19. Bh4 Qe7 20. Rf1 Bf5 21. Nfd2 Nh6 22. h3 Rf8 23. g4 Bxe4 24. Nxe4 Qe6 25. Bxf6 Bxf6 26. g5 Bg7 27. gxh6 Bxh6 28. Qg4 Qxg4 29. hxg4 Bf4 30. a4 bxa4 31. Bxa6 Rc7 32. Bb5 Ra8 33. c4 Kg7 34. Rd6 a3 35. b3 a2+ 36. Ka1 Be3 37. Ba4 Rxc4 38. bxc4 Rxa4 39. Nc3 Rxc4 40. Nxa2 Rxg4 41. Kb1 h5 42. Nc3 h4 43. Nd5 Bd4 44. Rd7+ Kh6 45. Nf6 Rg2 46. Rh7+ Kg5 47. Ne4+ Kg4 48. Rg7 Rb2+ 49. Kc1 Rb6 50. Kc2 h3 51. Kd3 h2 52. Rh7 Rb3+ 53. Kc4 Rh3 54. Nf6+ Kg3 55. Ne4+ Kg2 56. Rxh3 Kxh3 57. Rf7 h1=Q 58. Rh7+ Kg2 59. Rxh1 Kxh1 60. Kd5 Kg2 61. Ke6 Kf3 62. Kd5 Kf4 63. Nf6 g5 64. Nh5+ Kf3 65. Nf6 g4 0-1


[Site "https://www.chess.com"]

[Event "Titled Tuesday Blitz December 7 2021"]
[White "Eynullayev, Atilla"]
[Black "Csonka, Balazs"]
[WhiteFideId "13413570"]
[BlackFideId "742910"]
[WhiteElo "2495"]
[BlackElo "2659"]
[Result "0-1"]
[Round "08"]
[TimeControl "180+1"]
[Date "2021.12.07"]
[WhiteClock "0:00:02"]
[BlackClock "0:00:05"]

1. e4 c5 2. Nf3 Nc6 3. Bb5 Nf6 4. e5 Ng4 5. Bxc6 dxc6 6. h3 Nh6 7. Nc3 g6 8. Qe2 Nf5 9. Ne4 b6 10. d3 Bg7 11. Nf6+ Kf8 12. Ne4 h5 13. Bg5 Be6 14. O-O-O Nd4 15. Nxd4 Qxd4 16. f4 Bxa2 17. b3 Qa1+ 18. Kd2 Qb2 19. Ke3 a5 20. Kf3 h4 21. Ra1 a4 22. bxa4 Bd5 23. Rhb1 Qd4 24. c3 Qxc3 25. Kf2 Bxe4 26. Qxe4 f6 27. Qxc6 Re8 28. exf6 exf6 29. Qd6+ Kg8 30. Qd5+ Kh7 31. Rxb6 Qxa1 32. Bxf6 Qe1+ 33. Kf3 Qe3+ 34. Kg4 Qg3# 0-1


[Site "https://www.chess.com"]

[Event "Titled Tuesday Blitz December 7 2021"]
[White "Faizrakhmanov, Ramil"]
[Black "Macovei, Andrei"]
[WhiteFideId "24103209"]
[BlackFideId "13904680"]
[WhiteElo "2808"]
[BlackElo "2698"]
[Result "1-0"]
[Round "08"]
[TimeControl "180+1"]
[Date "2021.12.07"]
[WhiteClock "0:00:34"]
[BlackClock "0:00:36"]

1. e4 c6 2. d4 d5 3. e5 Bf5 4. Nf3 e6 5. Be2 Ne7 6. O-O c5 7. dxc5 Nec6 8. Be3 Nd7 9. c4 dxc4 10. Nbd2 Bxc5 11. Nxc4 O-O 12. Qc1 Be4 13. Rd1 Bxe3 14. Qxe3 Bd5 15. Rac1 Qc7 16. b3 Bxc4 17. Rxc4 Ndxe5 18. Nxe5 Qxe5 19. Qxe5 Nxe5 20. Rc7 Rab8 21. f4 Ng6 22. g3 Rfc8 23. Rdd7 Rxc7 24. Rxc7 a5 25. Bf3 b6 26. Kf2 Kf8 27. Ke3 Ne7 28. Kd4 Rd8+ 29. Kc4 Rc8 30. Rxc8+ Nxc8 31. Kb5 Ke7 32. Kc6 Kd8 33. Bg4 g6 34. a4 h6 35. h4 h5 36. Bh3 Ke7 37. Kc7 Nd6 38. Kxb6 Ne4 39. Kxa5 Nxg3 40. Kb6 Kd7 41. a5 Ne2 42. Bg2 Nxf4 43. Bc6+ Kd6 44. a6 1-0


[Site "https://www.chess.com"]

[Event "Titled Tuesday Blitz December 7 2021"]
[White "Gabdushev, Ruslan"]
[Black "Pourkashiyan, Atousa"]
[WhiteFideId "4137833"]
[BlackFideId "12502014"]
[WhiteElo "2312"]
[BlackElo "2285"]
[Result "1-0"]
[Round "08"]
[TimeControl "180+1"]
[Date "2021.12.07"]
[WhiteClock "0:00:08"]
[BlackClock "0:00:03"]

1. c4 e6 2. d3 Nf6 3. e3 d5 4. cxd5 exd5 5. Nf3 c5 6. Be2 Nc6 7. Nbd2 Bd6 8. Nf1 O-O 9. Ng3 Re8 10. Bd2 b6 11. O-O Bd7 12. b3 h6 13. a3 a5 14. Bc3 b5 15. a4 b4 16. Bb2 Rc8 17. Rc1 Qe7 18. d4 Ne4 19. Ba6 Ra8 20. Bb7 Rab8 21. Bxc6 Bxc6 22. dxc5 Bxc5 23. Nd4 Bxd4 24. Qxd4 Nc3 25. Bxc3 bxc3 26. Rxc3 Bd7 27. Qxd5 Be6 28. Qxa5 Rxb3 29. Rxb3 Bxb3 30. Qb5 Qe6 31. Rb1 Bc4 32. Qb6 Qd5 33. Qd4 Qe6 34. h3 Ra8 35. Rb4 Ba6 36. Rb6 Qc8 37. a5 Bb7 38. Qb4 Bd5 39. a6 Kh7 40. Qa5 Ra7 41. Qxd5 Rxa6 42. Qe4+ f5 43. Qb4 Ra1+ 44. Kh2 Qc1 45. Nxf5 Qg1+ 46. Kg3 Ra2 47. Rxh6+ Kg8 48. Qb8+ Kf7 49. Qc7+ Ke8 50. Rh8# 1-0


[Site "https://www.chess.com"]